 Dungeon Crawl Stone Soup version 0.31-a0-198-g2ad674f65e (webtiles) character file.

Game seed: 9980252198967247410

128 qw the Skirmisher (level 4, -1/25 HPs)
             Began as a Deep Elf Hunter on June 25, 2023.
             Was an Initiate of Okawaru.
             Slain by a kobold
             ... wielding a +0 whip
              (4 damage)
             ... on level 4 of the Dungeon.
             The game lasted 00:00:56 (2717 turns).

qw the Skirmisher (Deep Elf Hunter)                 Turns: 2717, Time: 00:00:57

Health: -1/25      AC:  8    Str: 10    XL:     4   Next: 87%
Magic:  6/6        EV: 11    Int: 14    God:    Okawaru [......]
Gold:   189        SH:  0    Dex: 18    Spells: 3/3 levels left

rFire   . . .        Y - +0 shortbow
rCold   . . .        (shield currently unavailable)
rNeg    . . .        h - +0 ring mail
rPois   .            j - +0 helmet
rElec   .            (no cloak)
rCorr   .            b - +1 pair of gloves
SInv    .            (no boots)
Will    .....        d - amulet of faith
Stlth   +            (no ring)
HPRegen 0.24/turn    (no ring)
MPRegen 0.10/turn

%: faith
@: lethally poisoned (-1 -> -18)
A: no striking features
a: Renounce Religion


You were on level 4 of the Dungeon.
You worshipped Okawaru.
Okawaru was noncommittal.
You visited 1 branch of the dungeon, and saw 4 of its levels.

You collected 189 gold pieces.


   Skills:
 - Level 1.5 Fighting
 + Level 8.3 Ranged Weapons
 - Level 2.4 Dodging
 - Level 1.2 Stealth


You had 3 spell levels left.
You didn't know any spells.
Your spell library was empty.

Inventory:

Hand Weapons
 Y - a +0 shortbow (weapon)
Armour
 b - a +1 pair of gloves (worn)
 h - a +0 ring mail (worn)
 j - a +0 helmet (worn)
Jewellery
 a - a ring of ice
 d - an amulet of faith (around neck)
Potions
 c - a potion of brilliance {unknown}
 e - a potion of resistance {unknown}
 f - a potion of degeneration {unknown}
 g - 2 potions of heal wounds
 i - a potion of mutation {unknown}

Dungeon Overview and Level Annotations

Branches:
Dungeon (4/15)
 Temple: D:4-7

Altars:
Elyvilon
Makhleb
Okawaru
Sif Muna


Message History

The arrow hits the kobold.
You kill the kobold!
Okawaru accepts your kill.
You shoot an arrow. The arrow hits the scorpion.
The scorpion is lightly wounded.
You shoot an arrow. The arrow hits the scorpion!
The scorpion is heavily wounded.
You hear a shout!
You shoot an arrow. The arrow hits the scorpion.
The scorpion is severely wounded.
The scorpion stings you but does no damage.
You shoot an arrow.
The arrow completely misses the scorpion.
The arrow barely misses the iguana.
You hear a shout!
The scorpion closely misses you.
You shoot an arrow. The arrow barely misses the scorpion.
A kobold comes into view. It is wielding a +0 whip.
The iguana closely misses you. The scorpion stings you.
You are poisoned.
The scorpion poisons you!
You shoot an arrow. The arrow closely misses the scorpion.
You feel very sick. The scorpion completely misses you.
The iguana bites you but does no damage.
The scorpion closely misses you. The kobold barely misses you.
The iguana barely misses you.
You shoot an arrow. The arrow hits the scorpion.
The scorpion is severely wounded.
You feel sick. The scorpion stings you.
You are lethally poisoned!
The scorpion poisons you! The kobold closely misses you.
The iguana hisses menacingly.
The iguana misses you.
You shoot an arrow. The arrow hits the scorpion!
You kill the scorpion!
Okawaru accepts your kill.
You feel very sick. The iguana bites you. The kobold hits you with a +0 whip.
You die...

...# .# ...# #.# #.####
#.# .. #....###.#####
... ####..##...... ...#
###. ###.....## ##..#
.....
#...))#..###..###..#
###.##.)##.(...##l..#...
....###........K@)....).
##### ##..#.####.##.....
#.##.##...# ...
#.##.#..### . ..##...##
# #####.### # #.# # #
#.# ###.# #..


You could see an iguana and a kobold.

Vanquished Creatures
  A scorpion (D:4)
  A hound (D:3)
  3 adders
  A worm (D:3)
  3 dart slugs
  4 orcs
  7 ball pythons
  3 endoplasms
  3 giant cockroaches
  3 goblins
  5 hobgoblins
  5 jackals
  3 quokkas (D:1)
  4 bats
  5 frilled lizards
  2 kobolds
  6 rats
59 creatures vanquished.

Notes
Turn   | Place    | Note
-------+----------+-------------------------------------------
     0 | D:1      | qw the Deep Elf Hunter began the quest for the Orb.
     0 | D:1      | Reached XP level 1. HP: 12/12 MP: 3/3
     0 | D:1      | 0 ||| qw: Version: 0.3-a-22-g0ed2b0b
     0 | D:1      | 0 ||| qw: Game counter: 5362
     0 | D:1      | 0 ||| qw: Melee chars always use a shield: true
     0 | D:1      | 0 ||| qw: God list: Okawaru
     0 | D:1      | 0 ||| qw: Allow faded altars: false
     0 | D:1      | 0 ||| qw: Do Orc after clearing Dungeon:15 true
     0 | D:1      | 0 ||| qw: Do second Lair branch before Depths: true
     0 | D:1      | 0 ||| qw: Lair rune preference: random
     0 | D:1      | 0 ||| qw: Goals: Normal
     0 | D:1      | 0 ||| PLANNING D:1-11
   186 | D:1      | Reached skill level 6 in Ranged Weapons
   186 | D:1      | Reached XP level 2. HP: 16/16 MP: 4/4
   190 | D:1      | Found a faded altar of an unknown god.
   809 | D:1      | 809 ||| UPGRADING to +0 ring mail.
   819 | D:1      | 819 ||| DROPPING +0 leather armour.
   820 | D:1      | 820 ||| UPGRADING to +0 helmet.
   825 | D:1      | 825 ||| READING scroll labelled PEKKIL YNKAM.
   826 | D:1      | 826 ||| READING scroll labelled NEUVI VYUTU.
   827 | D:1      | 827 ||| DRINKING 2 green potions.
   828 | D:1      | 828 ||| DROPPING scroll of butterflies.
   829 | D:1      | 829 ||| DROPPING potion of attraction.
   883 | D:2      | Reached XP level 3. HP: 20/20 MP: 5/5
   914 | D:2      | 914 ||| FLEEEEING.
  1017 | D:2      | Reached skill level 7 in Ranged Weapons
  1479 | D:2      | 1479 ||| UPGRADING to +0 pair of gloves.
  1484 | D:2      | 1484 ||| READING scroll labelled NUAXA QOTI.
  1585 | D:2      | 1585 ||| READING scroll labelled UQEPAMPYUWK.
  1586 | D:2      | 1586 ||| READING scroll labelled WIADOY CIN REU.
  1633 | D:3      | Reached XP level 4. HP: 25/25 MP: 6/6
  1638 | D:3      | Found a shimmering blue altar of Sif Muna.
  1726 | D:3      | Found a burning altar of Makhleb.
  2084 | D:3      | Found an iron altar of Okawaru.
  2085 | D:3      | 2085 ||| PLANNING OKAWARU WORSHIP
  2085 | D:3      | 2085 ||| READING scroll labelled UWELEA VIOJU.
  2086 | D:3      | 2086 ||| DRINKING 3 bubbling red potions.
  2093 | D:3      | Became a worshipper of Warmaster Okawaru
  2094 | D:3      | 2094 ||| PLANNING D:1-11
  2395 | D:3      | Found a white marble altar of Elyvilon.
  2401 | D:3      | 2401 ||| UPGRADING to amulet of faith.
  2406 | D:3      | 2406 ||| READING scroll labelled VATEEL QO NIL.
  2408 | D:3      | 2408 ||| Stepping ~*~*~tactically~*~*~ (cloud).
  2493 | D:4      | 2493 ||| PLANNING SEWER
  2499 | D:4      | 2499 ||| STAIRDANCE
  2503 | D:3      | Reached skill level 8 in Ranged Weapons
  2564 | D:4      | 2564 ||| READING scroll of enchant armour.
  2564 | D:4      | 2564 ||| ENCHANTING +0 pair of gloves.
  2707 | D:4      | Noticed a scorpion
  2717 | D:4      | Killed a scorpion
  2717 | D:4      | HP: 3/25 [iguana (5)]
  2717 | D:4      | Slain by a kobold

Levels and vault maps discovered:
D:1:      minmay_arrival_shattered_statue, layout_loops_corners,
          ebering_ecumenical_altar_hall, wad_floor_pattern_untrapped
D:2:      layout_loops_ring, roderic_lattice_a, minmay_misc_feat_diagonals
D:3:      layout_loops_corners, okawaru_metal_pillars_1_2, bloody_makhleb,
          nicolae_sif_muna_condensation, nicolae_elyvilon_temple_path,
          minivault_19
D:4:      layout_rooms, nicolae_overflow_crystal_walls, portal_sewer_entry_d,
          uniq_natasha

Skill      XL: |  1  2  3  4 |
---------------+-------------+-----
Ranged Weapons | 6 7 8 |  8.3
Fighting       | |  1.5
Dodging        | |  2.4
Stealth        | |  1.2

Action                     |  1- 3 |  4- 6 || total
---------------------------+-------+-------++-------
   Fire: Shortbow          |   110 |    91 ||   201
    Use: Scroll            |     5 |     3 ||     8
         Potion            |     1 |     1 ||     2
 Armour: Leather armour    |     8 |       ||     8
         Ring mail         |     4 |    18 ||    22
  Dodge: Dodged            |    10 |    55 ||    65

Table legend:
 A = Non-vault XP
 B = Vault XP
 C = Vault XP percentage of total XP
 D = Non-vault monster count
 E = Vault monster count
 F = Vault count percentage of total count
                 A         B        C        D         E       F
            +---------+---------+-------+---------+---------+-------
      Total |     272 |       0 |   0.0 |      59 |       0 |   0.0
            +---------+---------+-------+---------+---------+-------
        D:1 |      37 |       0 |   0.0 |      20 |       0 |   0.0
        D:2 |      54 |       0 |   0.0 |      19 |       0 |   0.0
        D:3 |      81 |       0 |   0.0 |      14 |       0 |   0.0
        D:4 |     100 |       0 |   0.0 |       6 |       0 |   0.0
            +---------+---------+-------+---------+---------+-------
